 Dungeon Crawl Stone Soup version 0.31-a0-844-gdc52ec4e09 (webtiles) character file.

Game seed: 3195132286585550306

465 night the Ruffian (level 6, -3/54 HPs)
             Began as a Troll Shapeshifter on Sept 30, 2023.
             Slain by an ogre
             ... wielding a +0 giant club
              (29 damage)
             ... on level 4 of the Dungeon.
             The game lasted 00:05:24 (2547 turns).

night the Ruffian (Troll Shapeshifter)              Turns: 2547, Time: 00:05:25

Health: -3/54      AC:  4    Str: 25    XL:     6   Next: 80%
Magic:  5/5        EV:  9    Int:  6    God:
Gold:   154        SH:  0    Dex:  9    Spells: 5/5 levels left

rFire   . .          .
                       - Unarmed
rCold   . . .        (no shield)
rNeg    + . .        a - +0 animal skin
rPois   .            (helmet currently unavailable)
rElec   .            l - melded +1 cloak
rCorr   .            (gloves unavailable)
SInv    .            (boots unavailable)
Will    .....        (no amulet)
Stlth   +            p - ring of positive energy
HPRegen 1.09/turn    (no ring)
MPRegen 0.09/turn

%: no passive effects
@: beast-form
A: beast (slay +2), large, unfitting armour, claws 3, regeneration 1, shaggy fur
1, tough skin 1
a: Begin Untransformation


You were on level 4 of the Dungeon.
You were a hulking beast.
You visited 1 branch of the dungeon, and saw 4 of its levels.

You collected 154 gold pieces.

Inventory:

Missiles
 h - 6 poisoned darts
 m - 27 stones
Armour
 a - a +0 animal skin (worn)
 l - a +1 cloak (melded)
Jewellery
 p - a ring of positive energy (left claw)
 q - a ring of wizardry
Talismans
 c - a beast talisman (active)
 d - a flux talisman
Wands
 k - a wand of polymorph (5)
Scrolls
 e - a scroll of enchant weapon
 j - a scroll of noise
 o - a scroll of brand weapon
 t - 3 scrolls of poison
Potions
 b - a potion of lignification
 f - a potion of berserk rage {unknown}
 g - a potion of heal wounds {unknown}
 i - a potion of curing {unknown}
 n - 2 potions of magic {unknown}
 r - 2 potions of mutation {unknown}
 s - a potion of enlightenment {unknown}


   Skills:
 - Level 0.7 Fighting
 - Level 1.5 Dodging
 * Level 6.0 Unarmed Combat
 + Level 2.0 Evocations
 + Level 4.5 Shapeshifting


You had 5 spell levels left.
You didn't know any spells.
Your spell library contained the following spells:

 Spells                   Type           Power      Damage    Failure   Level
 Sting                    Tmut/Pois      0%         1d3       45%         1
 Summon Small Mammal      Summ           0%         N/A       45%         1
 Poisonous Vapours        Pois/Air       0%         N/A       58%         2
 Call Canine Familiar     Summ           0%         N/A       83%         3
 Frozen Ramparts          Ice            0%         1d1       83%         3
 Summon Guardian Golem    Hex/Summ       0%         N/A       83%         3
 Olgreb's Toxic Radiance  Pois           0%         N/A       99%         4
 Petrify                  Tmut/Erth      0%         N/A       99%         4
 Metabolic Englaciation   Hex/Ice        0%         N/A       100%        5


Dungeon Overview and Level Annotations

Branches:
Dungeon (4/15)
 Temple: D:4-7

Altars:


Innate Abilities, Weirdness & Mutations

You are a hulking beast.
Your limbs bulge with bestial killing power. (Slay +2)
You are too large for most types of armour.
You have claws for hands.
Your natural rate of healing is unusually fast.
You are covered in fur. (AC +1)
You have tough skin. (AC +1)


Message History

You scratch the endoplasm.
The endoplasm is almost dead.
The endoplasm freezes you.
You are frozen.
You scratch the endoplasm.
You kill the endoplasm!
f - a brown potion You pick up a Young Poisoner's Handbook and begin reading...
You add the spells Sting, Poisonous Vapours and Olgreb's Toxic Radiance to your library.
Okay, then.
Found an escape hatch in the floor.
An endoplasm comes into view.
The endoplasm quivers.
You mangle the endoplasm!!
You kill the endoplasm!
No target in view!
There is an escape hatch in the floor here.
A scorpion comes into view.
Found a stone staircase leading down.
The scorpion stings you but does no damage.
You closely miss the scorpion. You claw the scorpion!
The scorpion is severely wounded.
The scorpion closely misses you.
You claw the scorpion!
You kill the scorpion!
Your Unarmed Combat skill increases to level 6!
Your Evocations skill increases to level 2!
No target in view!
There is a stone staircase leading down here.
An ogre comes into view. It is wielding a +0 giant club.
The ogre shouts!
You barely miss the ogre.
The ogre hits you with a +0 giant club!!
Ouch! That really hurt!
You closely miss the ogre. You scratch the ogre.
The ogre is lightly wounded.
The ogre hits you with a +0 giant club!!
Ouch! That really hurt!
You die...

#.##..........#
##########.##.##.#####.#
#............#...#
##.#####
#.##....#####.####
#......# #.#.###.# ###
#..###.# #.#.....#
###### #..###.#
###.#.....## .....#
#....#.#
...........##O....#
#.##.#.#
............h.....#
#.##.#.#
....[......##.....#
#......#
#.........###.....#
##.#.###
#####..........####
#.###
#.##.#####.#########.#
#.##.#####........##.#
#..>....##..#####.##.#
####.##.##..#####.##.#
#.....>..##.......#


You could see an ogre.

Vanquished Creatures
  An ogre (D:3)
  2 scorpions (D:4)
  A gnoll bouda (D:3)
  An orc priest (D:3)
  Crazy Yiuf (D:2)
  Terence (D:2)
  4 gnolls
  4 adders
  3 dart slugs
  2 orcs (D:3)
  2 ball pythons
  6 bats
  5 endoplasms
  5 giant cockroaches
  6 goblins
  7 hobgoblins
  7 jackals
  2 quokkas
  6 frilled lizards
  6 kobolds
  3 rats
75 creatures vanquished.

Notes
Turn   | Place    | Note
-------+----------+-------------------------------------------
     0 | D:1      | night the Troll Shapeshifter began the quest for the Orb.
     0 | D:1      | Reached XP level 1. HP: 18/18 MP: 0/0
   172 | D:1      | Reached XP level 2. HP: 26/26 MP: 1/1
   715 | D:1      | Found a faded altar of an unknown god.
   941 | D:2      | Reached XP level 3. HP: 31/32 MP: 2/2
  1097 | D:2      | Noticed Terence
  1107 | D:2      | Killed Terence
  1108 | D:2      | Reached skill level 4 in Unarmed Combat
  1187 | D:2      | Found a runed translucent door.
  1188 | D:2      | Noticed Crazy Yiuf
  1194 | D:2      | Killed Crazy Yiuf
  1195 | D:2      | Reached XP level 4. HP: 36/40 MP: 3/3
  1538 | D:3      | Identified the +0 ring mail "Ekigo" {rF+}
  1795 | D:3      | HP: 6/40 [orc/+0 short sword (3)]
  1801 | D:3      | Reached XP level 5. HP: 9/46 MP: 4/4
  1802 | D:3      | HP: 5/46 [orc priest/+0 club (6)]
  1805 | D:3      | Reached skill level 5 in Unarmed Combat
  1805 | D:3      | Reached skill level 1 in Evocations
  2059 | D:4      | Noticed an ogre
  2070 | D:3      | Killed an ogre
  2121 | D:3      | Reached XP level 6. HP: 34/54 MP: 5/5
  2314 | D:4      | Identified the +1 robe of the Peach {rC- Dex+5}
  2533 | D:4      | Reached skill level 6 in Unarmed Combat
  2533 | D:4      | Reached skill level 2 in Evocations
  2547 | D:4      | Slain by an ogre

Illustrated notes

Levels and vault maps discovered:
D:1:      amcnicky_arrival_underground_garden, layout_loops_corners,
          dilly_ecumenical_altar_fadedgnrine
D:2:      layout_basic, uniq_crazy_yiuf_cottage, uniq_terence
D:3:      layout_loops_ring
D:4:      layout_loops_cross, nicolae_elevator_lobby_plus

Skill      XL: |  1  2  3  4  5  6 |
---------------+-------------------+-----
Unarmed Combat | 4 5 6 |  6.0
Evocations     | 1 2 |  2.0
Shapeshifting  | 4 |  4.5
Fighting       | |  0.7
Dodging        | |  1.5

Action                     |  1- 3 |  4- 6 || total
---------------------------+-------+-------++-------
  Melee: Unarmed           |    72 |   108 ||   180
         Punch             |       |     3 ||     3
    Use: Scroll            |       |     5 ||     5
   Stab: Sleeping          |       |     2 ||     2
 Armour: Animal skin       |    28 |    65 ||    93
  Dodge: Dodged            |    30 |    50 ||    80
   Form: Beast             |       |     1 ||     1
         Flux              |       |     1 ||     1

Table legend: (Time is in decaauts)
 A = Elapsed time spent in this place.
 B = Non-inter-level travel time spent in this place.
 C = Inter-level travel time spent in this place.
 D = Time resting spent in this place.
 E = Time spent auto-exploring this place.
 F = Levels seen in this place.
 G = Mean time per level.
                   A        B        C        D        E       F      G
               +--------+--------+--------+--------+--------+-----+--------+
         Total |   2518 |   2397 |    121 |     53 |   1875 |   4 |  629.5 |
       Dungeon |   2518 |   2397 |    121 |     53 |   1875 |   4 |  629.5 |
               +--------+--------+--------+--------+--------+-----+--------+

Top non-repeatable levels by time:
     D:1: 903 daAuts
     D:3: 644 daAuts
     D:2: 554 daAuts
     D:4: 416 daAuts
